 Dungeon Crawl Stone Soup version 0.31-a0-278-g485e682e34 (webtiles) character file.

Game seed: 5853059977127922458

3467 MacCMillion the Grappler (level 9, -4/70 (81) HPs)
             Began as a Troll Shapeshifter on July 16, 2023.
             Was a Believer of Okawaru.
             Slain by a wight
             ... wielding a +4 scimitar
              (5 damage)
             ... on level 7 of the Dungeon.
             The game lasted 00:18:13 (6733 turns).

MacCMillion the Grappler (Troll Shapeshifter)       Turns: 6733, Time: 00:18:14

HP:   -4/70 (81)    AC:  7    Str: 29    XL:     9   Next: 78%
MP:   10/10         EV:  9    Int:  4    God:    Okawaru [**....]
Gold: 405           SH:  0    Dex: 10    Spells: 8/8 levels left

rFire   . .          .
                       - Unarmed
rCold   . . .        (no shield)
rNeg    . . .        B - +0 steam dragon scales
rPois   .            (helmet currently unavailable)
rElec   .            (cloak currently unavailable)
rCorr   .            (gloves unavailable)
SInv    .            (boots unavailable)
Will    .....        (no amulet)
Stlth   +            (no ring)
HPRegen 1.11/turn    (no ring)
MPRegen 0.12/turn

%: no passive effects
@: mighty, beast-form, heavily drained
A: beast (slay +5), large, unfitting armour, claws 3, regeneration 1, shaggy fur
1, tough skin 1
a: Begin Untransformation, Renounce Religion, Heroism


You were on level 7 of the Dungeon.
You worshipped Okawaru.
Okawaru was pleased with you.
You were a hulking beast.
You visited 1 branch of the dungeon, and saw 7 of its levels.
You also visited: Sewer.

You collected 405 gold pieces.

Inventory:

Missiles
 g - 7 boomerangs
 u - 4 poisoned darts
Armour
 a - a +0 animal skin
 B - +0 steam dragon scales (worn)
Talismans
 c - a beast talisman
 w - a maw talisman
Wands
 r - a wand of charming (7)
 v - a wand of iceblast (6)
Scrolls
 e - 5 scrolls of teleportation
 i - 2 scrolls of torment {unknown}
 j - a scroll of enchant armour {unknown}
 k - a scroll of immolation {unknown}
 l - 3 scrolls of noise {unknown}
 m - 4 scrolls of blinking
 x - a scroll of fear {unknown}
 y - a scroll of butterflies {unknown}
 C - a scroll of fog {unknown}
 D - a scroll of silence {unknown}
Potions
 b - a potion of lignification
 d - 3 potions of might
 h - a potion of brilliance {unknown}
 n - 3 potions of resistance
 o - 2 potions of attraction {unknown}
 p - 5 potions of enlightenment
 q - 3 potions of mutation {unknown}
 s - 3 potions of curing {unknown}
 t - a potion of degeneration {unknown}
 z - 2 potions of heal wounds {unknown}
 A - 2 potions of ambrosia {unknown}


   Skills:
 + Level 3.0 Fighting
 - Level 1.5 Dodging
 - Level 10.0 Unarmed Combat
 + Level 3.4 Invocations
 + Level 7.9 Shapeshifting


You had 8 spell levels left.
You didn't know any spells.
Your spell library contained the following spells:

 Spells                   Type           Power      Damage    Failure   Level
 Sublimation of Blood     Necr           0%         N/A       65%         2
 Dazzling Flash           Conj/Hex       0%         N/A       86%         3
 Stone Arrow              Conj/Erth      0%         3d7       86%         3
 Volatile Blastmotes      Fire/Tloc      0%         2d10      86%         3
 Leda's Liquefaction      Hex/Erth       0%         N/A       99%         4
 Petrify                  Tmut/Erth      0%         N/A       99%         4
 Irradiate                Conj/Tmut      0%         3d11      100%        5
 Lee's Rapid Deconstruct  Erth           0%         3d4*      100%        5
 Leda's Unmaking          Conj/Erth      0%         9d1       100%        6
 Starburst                Conj/Fire      0%         6d3       100%        6
 Lehudib's Crystal Spear  Conj/Erth      0%         10d2      100%        8
 Maxwell's Capacitive Co  Air            0%         ∞         100%        8
 Animate Armour           Summ/Erth      Unusable   N/A       N/A         4

Dungeon Overview and Level Annotations

Branches:
Dungeon (7/15)              Sewer (visited)
 Temple: D:4-7

Altars:
Hepliaklqana
Nemelex Xobeh
Okawaru
Qazlal
Vehumet
Wu Jian

Shops:
D:4 [   D:5 :

Annotations:
D:2 1 runed translucent door, Crazy Yiuf
D:6 Sigmund


Innate Abilities, Weirdness & Mutations

You are a hulking beast.
Your limbs bulge with bestial killing power. (Slay +5)
You are too large for most types of armour.
You have claws for hands.
Your natural rate of healing is unusually fast.
You are covered in fur. (AC +1)
You have tough skin. (AC +1)


Message History

Okawaru accepts your kill.
You feel sick.
Your base Fighting skill increases to level 3!
You barely miss the orc.
You feel sick.
You claw the orc!
You kill the orc!
Okawaru accepts your kill.
You feel sick.
You are no longer poisoned.
You feel like a meek peon again.
Okay, then.
The wight zaps a wand.
Your mind is blasted!
There is a stone staircase leading up here.
The wight zaps a wand.
Your mind is blasted!
The wight zaps a wand.
You struggle to resist.
The wight zaps a wand.
You struggle to resist.
The wight hits you from afar with a +0 spear.
You feel drained.
The wight zaps a wand.
Your mind is blasted!
The wight hits you from afar with a +0 spear.
You feel drained.
The wight hits you from afar with a +0 spear.
This staircase leads to a travel-excluded area!
Enter next level anyway?
Okay, then.
You claw the wight!
The wight is heavily damaged.
The wight hits you with a +0 flail.
You feel drained. The wight hits you with a +4 scimitar!
You feel drained.
The wight hits you from afar with a +0 spear!
* * * LOW HITPOINT WARNING * * *
You feel very mighty all of a sudden. The wight hits you with a +0 flail.
* * * LOW HITPOINT WARNING * * *
You feel drained.
* * * LOW HITPOINT WARNING * * *
The wight hits you with a +4 scimitar!
* * * LOW HITPOINT WARNING * * *
You feel drained.
You die...

..)# #...'............#.......
'#)# #...#........## ##..##.z
.).#######..#........######..##..
..[#....##..#......z.z...)...#...
..[.........##..##...##.)#...'...
[)#.....##..##..##'####..##..##..
<.##....##..##.z.#...##..##..##†.
####..÷.##..#..zz#..^.#..'....<..
#.........#...h#....#..#...)...
#.....##..##..###..###.##..##..
#.....##..##..###'####.##..##..
#.........#.........# ..o..#...
##....##..#.........# .....#...
##....##..##..##########...##..
#.....###'##### ##'# #..
#.....#...'...# ##....##..#...#


You could see 3 wights.

Vanquished Creatures
  Prince Ribbit (D:5)
  A steam dragon (D:5)
  Menkaure (D:4)
  2 water moccasins
  Duvessa (D:6)
  2 ice beasts (D:5)
  A sky beast (D:4)
  2 centaurs
  3 ogres
  2 phantoms
  2 bullfrogs (Sewer)
  A wight (D:7)
  Dowan (D:6)
  10 killer bees
  3 howler monkeys
  4 hounds
  A jelly (D:6)
  4 orc priests
  A gnoll bouda (D:5)
  5 iguanas
  6 orc wizards
  2 sleepcaps (D:3)
  Robin (D:4)
  16 gnolls
  10 adders
  A shadow imp (D:5)
  A white imp (D:7)
  2 ufetubi
  A worm (D:2)
  2 dart slugs
  18 orcs
  3 bats
  21 endoplasms
  14 giant cockroaches
  12 goblins
  11 hobgoblins
  7 kobolds
  7 quokkas
  9 ball pythons
  13 frilled lizards
  2 rats
207 creatures vanquished.

Notes
Turn   | Place    | Note
-------+----------+-------------------------------------------
     0 | D:1      | MacCMillion the Troll Shapeshifter began the quest for the
                  | Orb.
     0 | D:1      | Reached XP level 1. HP: 19/19 MP: 0/0
   128 | D:1      | Reached XP level 2. HP: 27/27 MP: 1/1
   160 | D:1      | Reached skill level 3 in Unarmed Combat
   247 | D:1      | Found a faded altar of an unknown god.
   874 | D:2      | Reached XP level 3. HP: 33/33 MP: 2/2
  1226 | D:2      | Found a runed translucent door.
  1227 | D:2      | Noticed Crazy Yiuf
  1334 | D:3      | Reached skill level 4 in Unarmed Combat
  1359 | D:3      | Found a glowing drain.
  1453 | Sewer    | Entered a sewer
  1591 | Sewer    | Reached XP level 4. HP: 41/41 MP: 3/3
  2157 | Sewer    | Reached skill level 5 in Unarmed Combat
  2203 | Sewer    | Noticed a bullfrog
  2211 | Sewer    | Killed a bullfrog
  2212 | Sewer    | Reached XP level 5. HP: 48/48 MP: 4/4
  2223 | Sewer    | Reached skill level 6 in Unarmed Combat
  2346 | D:3      | Reached XP level 6. HP: 55/55 MP: 5/5
  2400 | D:3      | Found an ornate altar of the Wu Jian Council.
  2481 | D:3      | Found a stormy altar of Qazlal.
  3208 | D:4      | Noticed Robin
  3214 | D:4      | Noticed Menkaure
  3461 | D:4      | Reached skill level 7 in Unarmed Combat
  3527 | D:4      | Killed Robin
  3694 | D:4      | Reached XP level 7. HP: 62/62 MP: 6/6
  3776 | D:4      | Reached skill level 8 in Unarmed Combat
  3890 | D:4      | Killed Menkaure
  4013 | D:4      | Reached skill level 9 in Unarmed Combat
  4285 | D:4      | Found Astouh Ante's Antique Armour Boutique.
  4412 | D:4      | Found a hazy altar of Hepliaklqana.
  4413 | D:4      | Found a radiant altar of Vehumet.
  4453 | D:5      | Entered Level 5 of the Dungeon
  4533 | D:5      | Reached XP level 8. HP: 58/70 MP: 7/7
  4628 | D:5      | Found Ufugasuf's Vocational Training.
  4662 | D:5      | Found an iron altar of Okawaru.
  4674 | D:5      | Became a worshipper of Warmaster Okawaru
  4680 | D:5      | Reached skill level 10 in Unarmed Combat
  5012 | D:5      | Noticed Prince Ribbit
  5050 | D:5      | Killed Prince Ribbit
  5066 | D:5      | Reached skill level 5 in Shapeshifting
  5086 | D:5      | Reached * piety under Okawaru
  5506 | D:6      | Found a sparkling altar of Nemelex Xobeh.
  5523 | D:6      | Reached XP level 9. HP: 76/76 MP: 8/8
  5692 | D:6      | Reached ** piety under Okawaru
  5832 | D:6      | Noticed Duvessa
  5833 | D:6      | Noticed Dowan
  5848 | D:6      | Killed Duvessa
  5849 | D:6      | Killed Dowan
  5916 | D:6      | Noticed Sigmund
  6066 | D:6      | Reached skill level 1 in Invocations
  6733 | D:7      | HP: 1/73 [wight/+4 scimitar (12)]
  6733 | D:7      | Slain by a wight

Illustrated notes

Levels and vault maps discovered:
D:1:      wander_arrival_peaceful_grave, layout_loops_cross,
          shapermc_ecumenical_altar_mp_ritualfount, minmay_tiny_reverse_x
D:2:      kennysheep_six_static_rooms, layout_basic, serial_bayou,
          serial_bayou_shore_b, serial_bayou_pond_d, serial_bayou_lagoon_a,
          serial_bayou_shore_b, serial_bayou_pond_d, serial_bayou_pond_c,
          uniq_crazy_yiuf_cottage
D:3:      layout_basic, lemuel_doored_altar, mainiacjoe_overflow_catwalk,
          cheibrodos_sewer_entry_drain, grunt_ministairs_13, hellmonk_no_cap
D:4:      layout_basic, nicolae_overflow_hidden_temple,
          kennysheep_windowed_goal, uniq_menkaure, uniq_robin
D:5:      layout_rooms, okawaru_gym_becter,
          nicolae_concentric_dashed_squares_wild,
          nicolae_kite_square_tiling_tiny, nicolae_shop_vocational,
          uniq_prince_ribbit1
D:6:      layout_rooms, nemelex_xobeh_ov_fountains_minmay, uniq_duvessa,
          uniq_sigmund
D:7:      layout_gridville, minmay_temple_entry_fiery

Skill      XL: |  1  2  3  4  5  6  7  8  9 |
---------------+----------------------------+-----
Unarmed Combat | 3 4 5 6 7 9 10 | 10.0
Shapeshifting  | 6 7 |  7.9
Invocations    | 3 |  3.4
Fighting       | 3 |  3.0
Dodging        | |  1.5

Action                     |  1- 3 |  4- 6 |  7- 9 || total
---------------------------+-------+-------+-------++-------
  Melee: Unarmed           |    85 |   125 |   235 ||   445
         Punch             |     1 |     3 |    13 ||    17
  Throw: Boomerang         |       |       |     3 ||     3
 Invoke: Heroism           |       |       |     2 ||     2
    Use: Scroll            |       |       |     4 ||     4
         Potion            |       |       |     1 ||     1
   Stab: Sleeping          |     1 |       |       ||     1
 Armour: Animal skin       |    16 |    39 |    41 ||    96
         Steam dragon scal |       |       |    15 ||    15
  Dodge: Dodged            |    31 |    45 |    85 ||   161

Table legend: (Time is in decaauts)
 A = Elapsed time spent in this place.
 B = Non-inter-level travel time spent in this place.
 C = Inter-level travel time spent in this place.
 D = Time resting spent in this place.
 E = Time spent auto-exploring this place.
 F = Levels seen in this place.
 G = Mean time per level.
                   A        B        C        D        E       F      G
               +--------+--------+--------+--------+--------+-----+--------+
         Total |   6678 |   6365 |    313 |   1718 |   3009 |   8 |  834.8 |
       Dungeon |   5883 |   5570 |    313 |   1218 |   3009 |   7 |  840.4 |
         Sewer |    795 |    795 |      0 |    500 |      0 |   1 |  795.0 |
               +--------+--------+--------+--------+--------+-----+--------+

Top non-repeatable levels by time:
     D:3: 1257 daAuts
     D:4: 1116 daAuts
     D:5: 967 daAuts
   Sewer: 795 daAuts
     D:2: 738 daAuts
     D:6: 694 daAuts
     D:1: 583 daAuts
     D:7: 526 daAuts
